 Dungeon Crawl Stone Soup version 0.29-a0-418-gc0181ea820 (webtiles) character file.

Game seed: 4134550518535502989

36 Impy the Vexing (level 3, 0/27 HPs)
             Began as a Demonspawn Arcane Marksman on May 17, 2022.
             Slain by an adder (3 damage)
             ... on level 2 of the Dungeon.
             The game lasted 00:03:00 (1419 turns).

Impy the Vexing (Demonspawn Arcane Marksman)        Turns: 1419, Time: 00:03:00

Health: 0/27       AC:  3    Str:  8 (10) XL:     3   Next: 19%
Magic:  2/4        EV: 12    Int: 11 (14) God:
Gold:   92         SH:  0    Dex: 12 (15) Spells: 3/4 levels left

rFire   . . .      SeeInvis .   a - +0 shortbow
rCold   . . .      Faith    .   (shield currently unavailable)
rNeg    . . .      Spirit   .   b - +1 robe
rPois   .          Reflect  .   (no helmet)
rElec   .          Harm     .   (no cloak)
rCorr   .          Rampage  .   (no gloves)
Will    .....                   (no boots)
Stlth   +.........              (no amulet)
HPRegen 0.09/turn               (no ring)
MPRegen 0.09/turn               (no ring)

@: no status effects
A: demonic guardian 1
a: no special abilities


You were on level 2 of the Dungeon.
You visited 1 branch of the dungeon, and saw 2 of its levels.

You collected 92 gold pieces.

Inventory:

Hand Weapons
 a - a +0 shortbow (weapon)
Armour
 b - a +1 robe (worn)
Jewellery
 d - a +6 ring of dexterity
Scrolls
 c - 2 scrolls of vulnerability


   Skills:
 + Level 2.0 Fighting
 + Level 2.3 Bows
 + Level 2.3 Dodging
 - Level 1.0 Spellcasting
 - Level 3.0 Hexes


You had 3 spell levels left.
You knew the following spells:

 Your Spells              Type           Power      Damage    Failure   Level
a - Slow                  Hex            28%        N/A       10%         1

Your spell library contained the following spells:

 Spells                   Type           Power      Damage    Failure   Level
 Inner Flame              Hex/Fire       3%         N/A       45%         3
 Portal Projectile        Hex/Tloc       6%         N/A       45%         3
 Cause Fear               Hex            3%         N/A       67%         4


Dungeon Overview and Level Annotations

Branches:
Dungeon (2/15)

Altars:


Innate Abilities, Weirdness & Mutations

A weak demonic guardian rushes to your aid.


Message History

Your quasit misses the adder. x3; The adder closely misses your quasit.
Your quasit barely misses the adder. x2
Your quasit completely misses the adder.
The adder misses your quasit.
Your quasit closely misses the adder.
Your quasit claws the adder but does no damage.
Your quasit completely misses the adder.
The adder bites your quasit.
Your quasit is poisoned.
The adder poisons your quasit!
Your quasit misses the adder.
Your quasit claws the adder.
Your quasit barely misses the adder.
The adder closely misses your quasit.
Your quasit barely misses the adder.
Your quasit misses the adder.
Your quasit claws the adder.
The adder bites your quasit but does no damage.
Your quasit bites the adder but does no damage.
Your quasit misses the adder.
Your quasit completely misses the adder.
The adder bites your quasit but does no damage.
Your quasit disappears in a puff of smoke!
Casting: Slow (safe; 10% risk of failure)
Confirm with . or Enter, or press ? or * to list all spells.
Aiming: Slow (safe; 10% risk of failure)
Press: ? - help, Shift-Dir - straight line, f/p - adder
Aim: an adder (severely wounded, chance to affect: 52%)
The adder seems to slow down.
You are too injured to fight recklessly!
Shoot: a) +0 shortbow
Press: ? - help, Shift-Dir - straight line, f/p - adder
Aim: an adder (severely wounded, slow, 40% to hit)
You shoot an arrow. The arrow misses the adder.
Shoot: a) +0 shortbow
Press: ? - help, Shift-Dir - straight line, f/p - adder
Aim: an adder (severely wounded, slow, 40% to hit)
You shoot an arrow. The arrow completely misses the adder.
Shoot: a) +0 shortbow
Press: ? - help, Shift-Dir - straight line, f/p - adder
Aim: an adder (severely wounded, slow, 40% to hit)
You shoot an arrow. The arrow misses the adder.
The adder bites you.
You die...

... ... # ?.. . #.#
############# #S#
#..........# #.#
#.########.#
###########.#### ##.#
#.######....)..........
...#
#.....@S.#########.....
#### ########## ######


You could see an adder (slow).

Vanquished Creatures
  An adder (D:2)
  A dart slug (D:1)
  An endoplasm (D:2)
  2 giant cockroaches (D:1)
  3 quokkas (D:1)
  A ball python (D:1)
  2 bats (D:1)
  2 frilled lizards (D:1)
  2 rats (D:1)
15 creatures vanquished.

Vanquished Creatures (collateral kills)
  An adder (D:2)
  A goblin (D:2)
2 creatures vanquished.

Grand Total: 17 creatures vanquished

Notes
Turn   | Place    | Note
-------+----------+-------------------------------------------
     0 | D:1      | Impy the Demonspawn Arcane Marksman began the quest for the
                  | Orb.
     0 | D:1      | Reached XP level 1. HP: 15/15 MP: 2/2
   563 | D:1      | Gained mutation: A weak demonic guardian rushes to your
                  | aid. [demonic ancestry]
   563 | D:1      | Reached XP level 2. HP: 21/21 MP: 3/3
   570 | D:1      | Found a faded altar of an unknown god.
  1404 | D:2      | Reached XP level 3. HP: 3/27 MP: 1/4
  1405 | D:2      | HP: 1/27 [poisoned by an adder]
  1419 | D:2      | Slain by an adder

Illustrated notes

Levels and vault maps discovered:
D:1:      lemuel_arrival_tunnels, layout_loops_cross,
          chequers_ecumenical_altar_simple
D:2:      layout_loops_ring, dreamdust_mushroom_princess, minivault_14

Skill      XL: |  1  2 |
---------------+-------+-----
Bows           | 2 |  2.3
Dodging        | 2 |  2.3
Fighting       | 2 |  2.0
Spellcasting   | |  1.0
Hexes          | |  3.0

Action                   || total
-------------------------++-------
 Fire: Shortbow          ||    59
 Cast: Slow              ||     7
  Use: Potion            ||     4
       Scroll            ||     2
Armor: Robe              ||    13
Dodge: Dodged            ||    27

Table legend: (Time is in decaauts)
 A = Elapsed time spent in this place.
 B = Non-inter-level travel time spent in this place.
 C = Inter-level travel time spent in this place.
 D = Time resting spent in this place.
 E = Time spent auto-exploring this place.
 F = Levels seen in this place.
 G = Mean time per level.
                   A        B        C        D        E       F      G
               +--------+--------+--------+--------+--------+-----+--------+
         Total |   1443 |   1343 |    100 |     22 |   1161 |   2 |  721.5 |
       Dungeon |   1443 |   1343 |    100 |     22 |   1161 |   2 |  721.5 |
               +--------+--------+--------+--------+--------+-----+--------+

Top non-repeatable levels by time:
     D:1: 1264 daAuts
     D:2: 178 daAuts
